AoeStats
← ToMasa Marinero

Nomad

508043895Analyzed
4v4 RM · 12d ago on Sep 20, 2026· 40m 50s· 8 players
Game mode
Random Map
Map size
231×231
Population
200
Speed
Normal
Resources
Standard
Victory
Conquest
Starting age
Dark Age
Ending age
Imperial Age
RankedLock teamsTeams togetherTeam positionsShared explorationLock speedFull tech treeHidden civsTurbo modeCheats
Victory
Defeat
🇨🇦 Poles · Canada
1402
+14
🇭🇰 Koreans · Hong Kong SAR China
1367
+15
🇨🇱 Malay · Chile
1320
+17
🇧🇷 Persians · Brazil
1320
+17
🇷🇺 Persians · Russia
1423
-19
🇵🇪 Italians · Peru
1378
-17
🇨🇴 Magyars · Colombia
1316
-14
🇨🇴 Lithuanians · Colombia
1282
-13
Corsica
5:14 Loom
14:46 Feudal Age
15:22 Double-Bit Axe
16:01 Horse Collar
18:49 Castle Age
19:28 Wheelbarrow
18:38 Town Watch
20:01 Bow Saw
19:51 Heavy Plow
22:54 Stone Mining
26:01 Gold Mining
28:16 Town Patrol
28:31 Hand Cart
28:32 Scale Mail Armor
29:46 Chain Mail Armor
29:42 Forging
33:11 Imperial Age
31:08 Scale Barding Armor
31:45 Stone Shaft Mining
31:27 Szlachta Privileges
31:48 Bloodlines
31:41 Husbandry
33:56 Chain Barding Armor
33:53 Cavalier
35:15 Iron Casting
40:50 Blast Furnace
I_IFK
3:50 Loom
13:37 Feudal Age
14:23 Double-Bit Axe
15:36 Fishing Lines
19:29 Horse Collar
24:51 Castle Age
22:49 Stone Mining
26:13 Wheelbarrow
25:49 Bow Saw
25:42 Heavy Plow
28:08 Fletching
28:14 Gold Mining
30:20 Bodkin Arrow
31:31 Town Watch
35:31 Stone Shaft Mining
37:24 Hand Cart
38:14 Ballistics
40:56 Imperial Age
40:39 Scale Mail Armor
40:50 Forging
40:46 Squires
JR91
3:15 Loom
12:43 Feudal Age
16:26 Castle Age
14:49 Double-Bit Axe
15:01 Horse Collar
18:04 Bow Saw
21:41 Heavy Plow
24:59 Wheelbarrow
25:05 Fletching
32:50 Hand Cart
35:50 Imperial Age
33:59 Scale Barding Armor
34:05 Forging
33:50 Gold Mining
34:32 Murder Holes
34:49 Masonry
35:35 Chain Barding Armor
35:18 Husbandry
35:28 Bloodlines
35:37 Elite War Elephant
36:38 Conscription
37:38 Plate Barding Armor
37:40 Iron Casting
38:00 Devotion
37:59 Town Watch
38:49 Architecture
38:48 Caravan
39:18 Coinage
38:59 Guilds
39:27 Gold Shaft Mining
41:12 Blast Furnace
41:27 Crop Rotation
42:00 Two-Man Saw
DD2E D10 Bulldozer
5:07 Loom
13:33 Feudal Age
15:55 Double-Bit Axe
22:12 Castle Age
21:08 Gold Mining
21:04 Horse Collar
21:10 Fishing Lines
22:07 Fletching
25:20 Wheelbarrow
26:02 Forging
32:26 Bodkin Arrow
35:09 Imperial Age
32:59 Padded Archer Armor
33:18 Gillnets
34:02 Thumb Ring
33:28 Elite Skirmisher
35:57 Conscription
36:50 Chemistry
39:21 Ballistics
ToMasa Marinero
6:48 Loom
16:20 Feudal Age
17:19 Double-Bit Axe
25:16 Castle Age
24:27 Scale Barding Armor
25:09 Gold Mining
25:55 Bloodlines
26:03 Husbandry
26:53 Chain Barding Armor
LeenP
5:20 Loom
14:34 Feudal Age
18:38 Castle Age
18:19 Forging
18:58 Double-Bit Axe
20:07 Pikeman
23:52 Scale Barding Armor
24:23 Iron Casting
29:03 Horse Collar
30:25 Bloodlines
31:33 Chain Barding Armor
Meowth
5:05 Loom
15:17 Feudal Age
19:14 Castle Age
17:11 Double-Bit Axe
17:55 Forging
18:14 Gold Mining
20:34 Bow Saw
20:35 Medium Warships
21:47 Fletching
22:03 Fishing Lines
22:52 Horse Collar
23:06 Gillnets
23:55 Bodkin Arrow
26:06 Padded Archer Armor
33:34 Imperial Age
32:06 Leather Archer Armor
34:12 Ballistics
35:26 Wheelbarrow
35:02 Bracer
35:13 Heavy Plow
37:10 Two-Man Saw
39:27 Chemistry
Welldone
12:59 Feudal Age
13:18 Double-Bit Axe
15:48 Wheelbarrow
14:58 Loom
15:08 Gold Mining
23:26 Castle Age
21:35 Fishing Lines
24:32 Medium Warships
25:00 Bow Saw
25:59 Hand Cart
27:35 Gillnets
27:50 Horse Collar
35:39 Imperial Age
34:20 Gold Shaft Mining
33:56 Light Cavalry
34:47 Bloodlines
35:02 Scale Barding Armor
35:08 Forging
35:34 Husbandry
35:30 Hussar
37:27 Heavy Camel Rider
39:41 Pikeman
40:22 Squires
Connection lost

Rejoining the realm…

Still unreachable

The connection could not be restored.

Session expired

The server has moved on; the page needs a fresh start.